 Dungeon Crawl Stone Soup version 0.24.0-125-gc4c63601f3 (webtiles) character file.

Game seed: 14508716657615792946, levelgen mode: deterministic

39 Descartes the Grasshopper (level 3, 0/16 HPs)
             Began as a Felid Warper on Mar 7, 2020.
             Slain by an ooze (1 damage)
             ... on level 1 of the Dungeon.
             The game lasted 00:03:09 (465 turns).

Descartes the Grasshopper (Felid Warper)             Turns: 465, Time: 00:03:10

Health: 0/16       AC:  1    Str:  8    XL:     3   Next: 26%
Magic:  7/7        EV: 19    Int: 14    God:
Gold:   57         SH:  0    Dex: 15    Spells: 6/6 levels left
                                        Lives:  0   Deaths: 0

rFire    . . .     SeeInvis +     - Unarmed
rCold    . . .     Gourm    .   (shield unavailable)
rNeg     . . .     Faith    .   (armour unavailable)
rPois    .         Spirit   .   (helmet unavailable)
rElec    .         Reflect  .   (cloak unavailable)
rCorr    .         Harm     .   (gloves unavailable)
MR       .....                  (boots unavailable)
Stlth    ++........             (no amulet)
HPRegen  0.05/turn              (no ring)
MPRegen  0.10/turn              (no ring)

@: quick
A: very small, no armour, no weapons or thrown items, stealth, claws 1, fangs 3,
see invisible, carnivore, speed 1, shaggy fur 1, slow metabolism 1, sharp paws
a: no special abilities


You were on level 1 of the Dungeon.
You were very full.

You visited 1 branch of the dungeon, and saw 1 of its levels.

You collected 57 gold pieces.

Inventory:

Jewellery
 f - an uncursed ring of see invisible {unknown}
Scrolls
 a - 2 scrolls of remove curse {unknown}
 b - 2 scrolls of blinking
 d - a scroll of identify {unknown}
 e - a scroll of fear {unknown}
 g - a scroll of random uselessness {unknown}
 i - a scroll of enchant armour {unknown}
Comestibles
 c - 3 rations
 h - 2 chunks of flesh


   Skills:
 + Level 2.4 Fighting
 + Level 3.7 Dodging
 + Level 1.7 Stealth
 * Level 2.8 Unarmed Combat
 - Level 2.0 Spellcasting
   Level 4.4 Translocations


You had 6 spell levels left.
You didn't know any spells.
Your spell library contained the following spells:

 Spells                   Type           Power        Failure   Level  Hunger
 Blink                    Tloc           N/A          6%          2    ###....
 Gell's Gravitas          Tloc           ##........   12%         3    ####...
 Lesser Beckoning         Tloc           ##........   12%         3    ####...
 Teleport Other           Tloc           ##......     12%         3    ####...
 Shroud of Golubria       Chrm/Tloc      #.....       14%         2    ###....
 Passage of Golubria      Tloc           N/A          36%         4    #####..


Dungeon Overview and Level Annotations

Branches:
Dungeon (1/15)

Altars:


Innate Abilities, Weirdness & Mutations

You cannot wear armour.
You are incapable of wielding weapons or throwing items.
Your paws allow you to move quietly. (Stealth)
You have sharp claws.
You have razor-sharp teeth.
You have supernaturally acute eyesight. (SInv)
You are carnivorous and can eat meat at any time.
You cover ground quickly.
You are covered in fur. (AC +1)
You have a slow metabolism.
Your sharp claws are effective at attacking unaware monsters.


Message History

You scratch the ooze but do no damage.
The ooze is heavily wounded.
The ooze hits you.
* * * LOW HITPOINT WARNING * * *
You scratch the ooze.
The ooze is heavily wounded.
The ooze closely misses you.
You scratch the ooze. You bite the ooze, but do no damage.
The ooze is severely wounded.
The ooze barely misses you.
You scratch the ooze.
The ooze is severely wounded.
The ooze barely misses you.
You completely miss the ooze. You bite the ooze.
The ooze is almost dead.
The ooze completely misses you.
You scratch the ooze but do no damage.
The ooze is almost dead.
The ooze hits you.
You die...

#......).......# #..........
#..............####..?....$..
..)......#....................
####.....###...........##....#
#.'.....# #........^..##+##.##
#.#.....# #...........#......#
#.#.....# #.....###...#......#
#.#.....# #####J# #...#......#
##.#.....# #@#####.........
...#.....#######...............
####...........#...............
# #.......###.#.........#####.
# #.......# #.#.........# #
#.......# #.#.........# #
####....# #.#.........+ #
#....# #.#.........## # #....#
#............#


You could see an ooze.

Vanquished Creatures
  A gnoll (D:1)
  3 oozes (D:1)
  A leopard gecko (D:1)
  A giant cockroach (D:1)
  A hobgoblin (D:1)
  4 kobolds (D:1)
  A ball python (D:1)
  2 bats (D:1)
  A frilled lizard (D:1)
  A goblin (D:1)
16 creatures vanquished.

Notes
Turn   | Place    | Note
-------+----------+-------------------------------------------
     0 | D:1      | Descartes the Felid Warper began the quest for the Orb.
     0 | D:1      | Reached XP level 1. HP: 9/9 MP: 4/4
    91 | D:1      | Reached XP level 2. HP: 13/13 MP: 6/6
   109 | D:1      | Reached skill level 1 in Stealth
   335 | D:1      | Reached XP level 3. HP: 16/16 MP: 7/7
   465 | D:1      | Slain by an ooze

Levels and vault maps discovered:
D:1:      minmay_arrival_open_corners, layout_basic

Skill      XL: |  1  2 |
---------------+-------+-----
Stealth        | 1 |  1.7
Fighting       | |  2.4
Dodging        | |  3.7
Unarmed Combat | |  2.8
Spellcasting   | |  2.0
Translocations | |  4.4

Action                   || total
-------------------------++-------
Melee: Unarmed           ||    64
       Bite              ||     5
 Stab: Sleeping          ||     2
  Eat: Chunk             ||     6
Armor: Skin              ||     3
Dodge: Dodged            ||    65
